 Dungeon Crawl Stone Soup version 0.19-a0-1057-g15bb84d (webtiles) character file.

256 junb69 the Cudgeler (level 5, -4/54 HPs)
             Began as a Demonspawn Gladiator on Aug 2, 2016.
             Killed from afar by Dowan (14 damage)
             ... with a stone arrow
             ... on level 4 of the Dungeon.
             The game lasted 00:07:17 (3186 turns).

junb69 the Cudgeler (Demonspawn Gladiator)          Turns: 3186, Time: 00:07:18

Health: -4/54      AC: 22    Str: 16 (17) XL:     5   Next: 92%
Magic:  5/5        EV:  2    Int:  7 (9)  God:
Gold:   169        SH:  0    Dex: 13      Spells: 0 memorised, 4 levels left

rFire  . . .     SeeInvis .     a - +0 flail
rCold  . . .     Gourm    .     (armour currently unavailable)
rNeg   + + +     Faith    .     (no shield)
rPois  +         Spirit   .     (helmet currently unavailable)
rElec  .         Dismiss  .     (cloak currently unavailable)
rCorr  .         Reflect  .     (gloves currently unavailable)
SustAt .         Harm     .     (boots currently unavailable)
MR     .....     NoTele   +     (no amulet)
Stlth  ++........               (no ring)
                                (no ring)

@: tree-form, very slightly contaminated, hasted, drained, very quick, not
resistant to hostile enchantments, unstealthy
A: (horns 0), demonic guardian 1, deterioration 1, frail 1, nightstalker 1, wild
magic 1, MP-powered wands
a: no special abilities


You were on level 4 of the Dungeon.
You were not hungry.
You were a tree.
You visited 1 branch of the dungeon, and saw 4 of its levels.

You collected 169 gold pieces.

Inventory:

Hand Weapons
 a - a +0 flail (weapon)
Missiles
 d - 3 throwing nets (quivered)
Armour
 c - a +0 helmet
 s - a +0 ring mail (melded)
 u - a cursed +0 cloak (melded)
Scrolls
 e - a scroll of identify
 h - a scroll of teleportation {unknown}
 i - 2 scrolls of noise {unknown}
 j - a scroll of amnesia {unknown}
 k - 2 scrolls of fear {unknown}
 l - a scroll of fog {unknown}
 o - 2 scrolls of recharging {unknown}
 r - 2 scrolls of immolation {unknown}
Potions
 p - 2 potions of flight
 q - a potion of curing
Comestibles
 b - 2 chunks of flesh
 f - a bread ration
 n - a meat ration


   Skills:
 * Level 3.0(2.8) Fighting
 * Level 5.7(5.4) Maces & Flails
 - Level 1.7(1.5) Throwing
 - Level 2.6(2.4) Dodging


You had 4 spell levels left.
You didn't know any spells.

Dungeon Overview and Level Annotations

Branches:
Dungeon (4/15)
 Temple: D:4-7

Altars:
Gozag

Annotations:
D:4 Dowan


Innate Abilities, Weirdness & Mutations

A weak demonic guardian rushes to your aid.
You are slightly more attuned to the shadows.
((You have a pair of small horns on your head.))
Your body sometimes deteriorates upon taking damage.
You are frail. (-10% HP)
Your spells are a little harder to cast, but a little more powerful.
You expend magic power (3 MP) to strengthen your wands.


Message History

Dowan hits you but does no damage.
You hit Duvessa.
You kill Duvessa!
Dowan screams, "No!
No!"
Dowan seems to find hidden reserves of power!
Your base Fighting skill increases to level 3!
You feel your strength returning.
Dowan points at you and mumbles some strange words.
The shard of ice hits you!
* * * LOW HITPOINT WARNING * * *
Your body deteriorates!
You feel weakened.
You completely miss Dowan.
Dowan mumbles some strange words.
Dowan blinks!
You sock Dowan!
Dowan is moderately wounded.
Dowan hits you but does no damage. Dowan casts a spell at you.
The stone arrow hits you!
You die...

########### ..
. #..........
#.#.#
##.########
..#.### #e)##
#...... ##♣5#
##...... ##5##
#####....#
#..###.......#
##.##........#
#>....#####.###
###.### #.....#
#.# #..<..# #.#
#....... ..#
#.....##


You could see Dowan, a friendly iron imp and a friendly white imp.

Vanquished Creatures
  Duvessa (D:4)
  The ghost of crawlian the Firebug, a weakling DEFE (D:3)
  3 adders
  4 worms
  A dart slug (D:1)
  3 giant geckos
  8 giant cockroaches
  11 goblins
  7 hobgoblins
  A quokka (D:3)
  A ball python (D:3)
  15 bats
  7 giant newts
  6 kobolds
  9 rats
78 creatures vanquished.

Vanquished Creatures (collateral kills)
  A worker ant (D:3)
1 creature vanquished.

Grand Total: 79 creatures vanquished

Notes
Turn   | Place    | Note
-------+----------+-------------------------------------------
     0 | D:1      | junb69 the Demonspawn Gladiator began the quest for the Orb.
     0 | D:1      | Reached XP level 1. HP: 16/16 MP: 1/1
    32 | D:1      | Reached skill level 3 in Maces & Flails
   390 | D:1      | Gained mutation: You are slightly more attuned to the shadows. [demonic ancestry]
   390 | D:1      | Reached XP level 2. HP: 22/22 MP: 2/2
   791 | D:1      | Reached XP level 3. HP: 24/27 MP: 3/3
  1268 | D:2      | Reached skill level 4 in Maces & Flails
  1557 | D:2      | Found an opulent altar of Gozag.
  1581 | D:2      | Gained mutation: A weak demonic guardian rushes to your aid. [demonic ancestry]
  1581 | D:2      | Reached XP level 4. HP: 30/33 MP: 4/4
  1988 | D:2      | Gained mutation: You expend magic power (3 MP) to strengthen your wands. [potion of mutation]
  1988 | D:2      | Gained mutation: You are frail. (-10% HP) [potion of mutation]
  1988 | D:2      | Gained mutation: Your body sometimes deteriorates upon taking damage. [potion of mutation]
  1989 | D:2      | Gained mutation: You have a pair of small horns on your head. [potion of mutation]
  1989 | D:2      | Gained mutation: Your spells are a little harder to cast, but a little more powerful. [potion of mutation]
  2082 | D:3      | Reached skill level 5 in Maces & Flails
  2587 | D:3      | Reached XP level 5. HP: 29/34 MP: 5/5
  2782 | D:3      | Noticed crawlian's ghost (weakling DEFE)
  2800 | D:3      | Killed crawlian's ghost
  3157 | D:4      | Noticed Dowan
  3158 | D:4      | Noticed Duvessa
  3184 | D:4      | Killed Duvessa
  3186 | D:4      | Killed from afar by Dowan

Vault maps used:
D:1:      roderic_crossed_star, serial_forest, infiniplex_forest_clump_long,
          infiniplex_forest_zigzag_1, infiniplex_forest_lined_3,
          infiniplex_forest_lined_room_2
D:2:      nicolae_gozag_seed_capital
D:4:      wad_lake_hut, first_bread, uniq_duvessa

Skill      XL: |  1  2  3  4  5 |
---------------+----------------+-----
Maces & Flails | 3 4 5 |  5.7
Fighting       | 3 |  3.0
Throwing       | |  1.7
Dodging        | |  2.6

Action                   |  1- 3 |  4- 6 || total
-------------------------+-------+-------++-------
Melee: Flail             |   145 |   110 ||   255
       Headbutt          |       |    10 ||    10
  Use: Scroll            |       |     7 ||     7
       Potion            |       |     5 ||     5
 Stab: Sleeping          |     6 |     1 ||     7
  Eat: Chunk             |     2 |     6 ||     8
Armor: Leather armour    |    55 |       ||    55
       Ring mail         |    23 |    59 ||    82
       Skin              |       |    14 ||    14
Dodge: Dodged            |   145 |    72 ||   217
